 Dungeon Crawl Stone Soup version 0.31-a0-236-g9a0961fb85 (webtiles) character file.

Game seed: 2323553128239074786

14 qw the Shooter (level 2, -1/24 HPs)
             Began as a Minotaur Hexslinger on July 10, 2023.
             Slain by an adder (3 damage)
             ... on level 2 of the Dungeon.
             The game lasted 00:00:16 (518 turns).

qw the Shooter (Minotaur Hexslinger)                 Turns: 518, Time: 00:00:17

Health: -1/24      AC:  2    Str: 12    XL:     2   Next: 31%
Magic:  2/2        EV: 12    Int: 10    God:
Gold:   70         SH:  0    Dex: 12    Spells: 2/3 levels left

rFire   . . .        Y - +2 sling
rCold   . . .        (no shield)
rNeg    . . .        c - +0 robe
rPois   .            (helmet restricted)
rElec   .            (no cloak)
rCorr   .            (no gloves)
SInv    .            (no boots)
Will    .....        (no amulet)
Stlth   +            (no ring)
HPRegen 0.24/turn    (no ring)
MPRegen 0.08/turn

%: no passive effects
@: lethally poisoned (-1 -> -2), weak-willed
A: horns 2, retaliatory headbutt
a: no special abilities


You were on level 2 of the Dungeon.
You visited 1 branch of the dungeon, and saw 2 of its levels.

You collected 70 gold pieces.


Innate Abilities, Weirdness & Mutations

You have a pair of horns on your head.
You reflexively headbutt those who attack you in melee.


   Skills:
 + Level 1.8 Fighting
 - Level 3.1 Ranged Weapons
 - Level 2.1 Dodging
 - Level 1.0 Spellcasting
 - Level 2.0 Hexes


You had 2 spell levels left.
You knew the following spells:

 Your Spells              Type           Power      Damage    Failure   Level
a - Slow                  Hex            16%        N/A       16%         1

Your spell library contained the following spells:

 Spells                   Type           Power      Damage    Failure   Level
 Inner Flame              Hex/Fire       2%         N/A       56%         3
 Portal Projectile        Hex/Tloc       4%         N/A       56%         3
 Cause Fear               Hex            2%         N/A       83%         4

Inventory:

Hand Weapons
 Y - a +2 sling (weapon)
Armour
 c - a +0 robe (worn)
Potions
 g - a potion of enlightenment {unknown}
 h - a potion of mutation {unknown}

Dungeon Overview and Level Annotations

Branches:
Dungeon (2/15)

Altars:
Uskayaw


Message History

The sling bullet closely misses the adder.
You shoot a sling bullet.
The sling bullet barely misses the adder.
The adder bites you.
You are poisoned.
The adder poisons you!
You shoot a sling bullet. The sling bullet misses the adder.
You feel sick. The adder closely misses you. The adder bites you.
You shoot a sling bullet.
The sling bullet barely misses the adder.
You feel sick.
You hear a shout!
A kobold comes into view. It is wielding a +0 dagger.
The adder bites you.
You are more poisoned.
The adder poisons you!
You shoot a sling bullet.
The sling bullet closely misses the adder.
You feel very sick. The adder barely misses you. The adder bites you.
You shoot a sling bullet.
The sling bullet barely misses the adder.
You feel sick. The adder closely misses you.
The adder bites you but does no damage.
You shoot a sling bullet.
The sling bullet closely misses the adder.
You feel sick. The kobold barely misses you. The adder closely misses you.
You shoot a sling bullet.
The sling bullet closely misses the adder.
You feel sick. The adder closely misses you. The kobold misses you.
The adder bites you. The kobold barely misses you.
You shoot a sling bullet. The sling bullet hits the adder!
The adder is severely wounded.
You feel sick. The adder barely misses you. The kobold barely misses you.
You furiously retaliate!
You headbutt the kobold!
You kill the kobold!
You shoot a sling bullet.
The sling bullet closely misses the adder.
You feel sick. The adder barely misses you. The adder bites you.
You die...

.# .# .## ##. #
.^. ##.. .# ..
#.##..### ..
#.#......<#.#.#
..............+
.##.._...#.###
#..@S.##.#
#...).# #
...........
....###.#..#.#
... #$#.## # ..
#...# . ###.#


You could see an adder.

Vanquished Creatures
  2 endoplasms (D:1)
  A goblin (D:1)
  2 kobolds
  A quokka (D:1)
  3 ball pythons (D:1)
  2 frilled lizards (D:1)
  4 rats (D:1)
15 creatures vanquished.

Notes
Turn   | Place    | Note
-------+----------+-------------------------------------------
     0 | D:1      | qw the Minotaur Hexslinger began the quest for the Orb.
     0 | D:1      | Reached XP level 1. HP: 16/16 MP: 1/1
     0 | D:1      | 0 ||| qw: Version: 0.3-a-52-g30416fa
     0 | D:1      | 0 ||| qw: Game counter: 4723
     0 | D:1      | 0 ||| qw: Melee chars always use a shield: true
     0 | D:1      | 0 ||| qw: God list: Okawaru
     0 | D:1      | 0 ||| qw: Allow faded altars: false
     0 | D:1      | 0 ||| qw: Do Orc after clearing Dungeon:15 true
     0 | D:1      | 0 ||| qw: Do second Lair branch before Depths: true
     0 | D:1      | 0 ||| qw: Lair rune preference: random
     0 | D:1      | 0 ||| qw: Goals: Normal
     0 | D:1      | 0 ||| PLANNING D:1-11
   213 | D:1      | Reached skill level 3 in Ranged Weapons
   213 | D:1      | Reached XP level 2. HP: 23/23 MP: 2/2
   491 | D:1      | 491 ||| READING scroll labelled VOBAOFF CYAXT.
   492 | D:1      | 492 ||| READING 2 scrolls labelled BEBAIW BERAL.
   493 | D:1      | 493 ||| READING scroll labelled GAUCA CEMP.
   497 | D:1      | 497 ||| READING scroll labelled ZUBEGATAAR.
   498 | D:1      | 498 ||| DROPPING scroll of poison.
   499 | D:1      | 499 ||| DROPPING scroll of noise.
   505 | D:2      | Found a hide-covered altar of Uskayaw.
   515 | D:2      | HP: 5/24 [poisoned by an adder]
   518 | D:2      | HP: 2/24 [poisoned by an adder]
   518 | D:2      | Slain by an adder

Levels and vault maps discovered:
D:1:      dpeg_arrival_rhombi, layout_rooms, chequers_serial_rivers_room_a,
          dreamdust_princess_bridge
D:2:      wad_crossroads, layout_basic, basic_altar, minmay_misc_feat_five

Skill      XL: |  1 |
---------------+----+-----
Ranged Weapons | 3 |  3.1
Fighting       | |  1.8
Dodging        | |  2.1
Spellcasting   | |  1.0
Hexes          | |  2.0

Action                     || total
---------------------------++-------
   Fire: Sling             ||    54
    Use: Scroll            ||     4
 Armour: Robe              ||     1
  Dodge: Dodged            ||    17

Table legend:
 A = Non-vault XP
 B = Vault XP
 C = Vault XP percentage of total XP
 D = Non-vault monster count
 E = Vault monster count
 F = Vault count percentage of total count
                 A         B        C        D         E       F
            +---------+---------+-------+---------+---------+-------
      Total |      21 |       0 |   0.0 |      15 |       0 |   0.0
            +---------+---------+-------+---------+---------+-------
        D:1 |      20 |       0 |   0.0 |      14 |       0 |   0.0
        D:2 |       1 |       0 |   0.0 |       1 |       0 |   0.0
            +---------+---------+-------+---------+---------+-------
